 Dungeon Crawl Stone Soup version 0.31-a0-177-g4aa6249778 (webtiles) character file.

Game seed: 3334919727839916570

675 qw the Chopper (level 7, -13/43 HPs)
             Began as a Gargoyle Fighter on June 18, 2023.
             Mangled by Duvessa
             ... wielding a +0 rapier
              (16 damage)
             ... on level 5 of the Dungeon.
             The game lasted 00:01:37 (2981 turns).

qw the Chopper (Gargoyle Fighter)                   Turns: 2981, Time: 00:01:37

Health: -13/43     AC: 13    Str: 24    XL:     7   Next: 59%
Magic:  7/7        EV: 10    Int:  8    God:
Gold:   137        SH:  5    Dex: 15    Spells: 6/6 levels left

rFire   . . .        n - +1 hand axe "Starlight" {spect, Fly rPois Str+2}
rCold   . . .        c - +0 buckler
rNeg    + . .        b - +0 scale mail
rPois   inf          o - +0 helmet
rElec   +            (no cloak)
rCorr   .            j - +0 pair of gloves
SInv    .            (no boots)
Will    .....        (no amulet) Stlth
                     l - +6 ring of dexterity
HPRegen 0.27/turn    (no ring)
MPRegen 0.10/turn

%: no passive effects
@: flying
A: sickness immunity, AC +4, negative energy resistance 1, electricity
resistance, torment resistance 1, petrification resistance
a: no special abilities


You were on level 5 of the Dungeon.
You visited 1 branch of the dungeon, and saw 5 of its levels.

You collected 137 gold pieces.


Innate Abilities, Weirdness & Mutations

You are immune to sickness and miasma.
Your stone body is resilient. (AC +4)
You are immune to poison.
You resist negative energy. (rN+)
You are resistant to electric shocks. (rElec)
You are resistant to unholy torment.
You are immune to petrification.


   Skills:
 + Level 4.0 Fighting
 - Level 7.1 Axes
 - Level 3.2 Armour
 - Level 1.3 Dodging
 - Level 3.2 Shields


You had 6 spell levels left.
You didn't know any spells.
Your spell library was empty.

Inventory:

Hand Weapons
 h - a +0 flail
 i - a +0 war axe
 n - the +1 hand axe "Starlight" (weapon) {spect, Fly rPois Str+2}
   (You found it on level 3 of the Dungeon)

   Str:       It affects your strength (+2).
   rPois:     It protects you from poison.
   Fly:       It grants you flight.
Armour
 a - a +2 robe of fire resistance
 b - a +0 scale mail (worn)
 c - a +0 buckler (worn)
 j - a +0 pair of gloves (worn)
 o - a +0 helmet (worn)
Jewellery
 l - a +6 ring of dexterity (left hand)
Scrolls
 r - a scroll of enchant weapon
Potions
 d - a potion of might
 e - a potion of attraction {unknown}
 f - a potion of haste {unknown}
 g - a potion of brilliance {unknown}
 k - a potion of curing
 m - a potion of degeneration {unknown}
 p - a potion of heal wounds {unknown}

Dungeon Overview and Level Annotations

Branches:
Dungeon (5/15)
 Temple: D:4-7

Altars:
Elyvilon
Nemelex Xobeh
The Shining One

Shops:
D:1 (

Annotations:
D:2 1 runed translucent door, Crazy Yiuf
D:4 2 runed translucent doors, qw's ghost, amateur GrFi
D:5 Duvessa


Message History

Duvessa is lightly wounded.
You hit the scorpion but do no damage.
Your +1 hand axe "Starlight" {spect, Fly rPois Str+2} hits Duvessa.
Your +1 hand axe "Starlight" {spect, Fly rPois Str+2} hits the scorpion!
You block Duvessa's attack. The scorpion barely misses you.
Duvessa closely misses you. The scorpion barely misses you.
You hit the scorpion.
The scorpion is almost dead.
You hit Duvessa but do no damage.
Your +1 hand axe "Starlight" {spect, Fly rPois Str+2} completely misses the scorpion.
Your +1 hand axe "Starlight" {spect, Fly rPois Str+2} hits Duvessa.
Duvessa hits your +1 hand axe "Starlight" {spect, Fly rPois Str+2} with a +0 rapier!
Your spectral weapon shares its damage with you!
The scorpion stings you but does no damage.
You hit Duvessa.
Duvessa is lightly wounded.
You hit the scorpion.
You kill the scorpion!
Your +1 hand axe "Starlight" {spect, Fly rPois Str+2} hits Duvessa but does no damage.
Duvessa hits your +1 hand axe "Starlight" {spect, Fly rPois Str+2} with a +0 rapier!
Your spectral weapon shares its damage with you!
Your +1 hand axe "Starlight" {spect, Fly rPois Str+2} disappears.
A sleepcap comes into view. x2
Duvessa hits you with a +0 rapier!
Your Axes skill increases to level 7!
You hit Duvessa but do no damage.
Duvessa is lightly wounded.
You hit the orc but do no damage.
Your +1 hand axe "Starlight" {spect, Fly rPois Str+2} misses Duvessa.
Your +1 hand axe "Starlight" {spect, Fly rPois Str+2} hits the orc but does no damage.
Duvessa hits you with a +0 rapier!
You barely miss Duvessa.
Duvessa is lightly wounded.
You barely miss the orc.
Your +1 hand axe "Starlight" {spect, Fly rPois Str+2} hits Duvessa but does no damage.
Duvessa shouts!
Your +1 hand axe "Starlight" {spect, Fly rPois Str+2} hits the orc!
You kill the orc!
Duvessa hits you but does no damage. Duvessa hits you with a +0 rapier!
You die...

#.# #.# #.# ###
#.# .... #.#
.....##.#######
..f..oe........
....##@########
.....fo)(.......
####.###########
#


You could see Duvessa (berserk), 2 sleepcaps, 2 orcs and a friendly +1 hand axe
"Starlight" {spect, Fly rPois Str+2}.

Vanquished Creatures
  Edmund (D:4)
  2 scorpions
  Dowan (D:5)
  2 hounds
  Jessica (D:3)
  An iguana (D:4)
  Natasha (thrice) (D:3)
  Robin (D:3)
  7 gnolls
  6 adders
  2 worms
  A dart slug (D:1)
  An orc (D:5)
  6 endoplasms
  10 goblins
  10 hobgoblins
  4 jackals (D:1)
  5 kobolds
  3 quokkas
  9 ball pythons
  A bat (D:3)
  5 frilled lizards
  7 rats
89 creatures vanquished.

Vanquished Creatures (others)
  A spectral weapon (D:5)
1 creature vanquished.

Grand Total: 90 creatures vanquished

Notes
Turn   | Place    | Note
-------+----------+-------------------------------------------
     0 | D:1      | qw the Gargoyle Fighter began the quest for the Orb.
     0 | D:1      | Reached XP level 1. HP: 14/14 MP: 1/1
     0 | D:1      | 0 ||| qw: Version: 0.3-a-7-ge0c9b40
     0 | D:1      | 0 ||| qw: Game counter: 839
     0 | D:1      | 0 ||| qw: Always use a shield: true
     0 | D:1      | 0 ||| qw: God list: Okawaru
     0 | D:1      | 0 ||| qw: Allow faded altars: false
     0 | D:1      | 0 ||| qw: Do Orc after D:15 true
     0 | D:1      | 0 ||| qw: Do second Lair branch before Depths: true
     0 | D:1      | 0 ||| qw: Lair rune preference: random
     0 | D:1      | 0 ||| qw: Plans: Normal, Zot:1-4, Slime:5, God:TSO, Crypt,
                  | Tomb, Abyss, Pan, Hells, Win
     0 | D:1      | 0 ||| PLANNING D:1-11
    31 | D:1      | Reached skill level 2 in Axes
   137 | D:1      | 137 ||| Stepping ~*~*~tactically~*~*~ (stealth).
   141 | D:1      | Reached XP level 2. HP: 19/19 MP: 2/2
   160 | D:1      | 160 ||| Stepping ~*~*~tactically~*~*~ (stealth).
   314 | D:1      | Found Evial's Weapon Boutique.
   344 | D:1      | Reached skill level 3 in Axes
   399 | D:1      | Reached XP level 3. HP: 23/23 MP: 3/3
   522 | D:2      | 522 ||| Stepping ~*~*~tactically~*~*~ (stealth).
  1050 | D:2      | Found a runed translucent door.
  1051 | D:2      | 1051 ||| DROPPING +0 club.
  1052 | D:2      | Noticed Crazy Yiuf
  1055 | D:2      | 1055 ||| UPGRADING to +0 pair of gloves.
  1060 | D:2      | 1060 ||| UPGRADING to +6 ring of dexterity.
  1061 | D:2      | 1061 ||| READING 2 scrolls labelled QIBOCVODES.
  1062 | D:2      | 1062 ||| READING scroll labelled RUH QEMEHA.
  1063 | D:2      | 1063 ||| DROPPING scroll of fog.
  1099 | D:3      | Noticed Jessica
  1100 | D:3      | Noticed Natasha
  1106 | D:3      | Killed Natasha
  1107 | D:3      | Reached skill level 1 in Dodging
  1107 | D:3      | Reached XP level 4. HP: 20/28 MP: 4/4
  1108 | D:3      | Killed Jessica
  1148 | D:3      | Noticed Natasha
  1155 | D:3      | 1155 ||| Stepping ~*~*~tactically~*~*~ (hiding).
  1158 | D:3      | Killed Natasha
  1159 | D:3      | Reached skill level 4 in Axes
  1159 | D:3      | Reached XP level 5. HP: 32/32 MP: 5/5
  1303 | D:3      | 1303 ||| DROPPING +0 hammer.
  1358 | D:3      | 1358 ||| Stepping ~*~*~tactically~*~*~ (hiding).
  1362 | D:3      | 1362 ||| Stepping ~*~*~tactically~*~*~ (hiding).
  1433 | D:3      | Noticed Natasha
  1440 | D:3      | Killed Natasha
  1463 | D:3      | Identified the +1 hand axe "Starlight" {spect, Fly rPois
                  | Str+2}
  1465 | D:3      | 1465 ||| SWAPPING to +1 hand axe "Starlight" {spect, Fly
                  | rPois Str+2}.
  1593 | D:3      | Reached skill level 5 in Axes
  1686 | D:3      | Noticed Robin
  1697 | D:3      | Killed Robin
  1698 | D:3      | Reached XP level 6. HP: 38/38 MP: 6/6
  1894 | D:3      | 1894 ||| UPGRADING to +0 helmet.
  1899 | D:3      | 1899 ||| READING 2 scrolls labelled HIUVUCOPTE.
  1900 | D:3      | 1900 ||| DRINKING 2 glowing green potions.
  1901 | D:3      | 1901 ||| DROPPING scroll of fear.
  1993 | D:4      | Found a large runed translucent door.
  1994 | D:4      | Found a large runed translucent door.
  1996 | D:4      | Noticed qw's ghost (amateur GrFi)
  2081 | D:4      | 2081 ||| Stepping ~*~*~tactically~*~*~ (hiding).
  2347 | D:4      | Noticed Edmund
  2364 | D:4      | Killed Edmund
  2365 | D:4      | Reached skill level 6 in Axes
  2365 | D:4      | Reached XP level 7. HP: 21/43 MP: 7/7
  2496 | D:4      | 2496 ||| Stepping ~*~*~tactically~*~*~ (stealth).
  2498 | D:4      | 2498 ||| Stepping ~*~*~tactically~*~*~ (hiding).
  2554 | D:4      | Found a sparkling altar of Nemelex Xobeh.
  2555 | D:4      | Found a white marble altar of Elyvilon.
  2556 | D:4      | Found a glowing golden altar of the Shining One.
  2931 | D:4      | 2931 ||| READING 2 scrolls labelled COANEKKOUPN.
  2932 | D:4      | 2932 ||| READING scroll labelled HEENEPR WAORE.
  2933 | D:4      | 2933 ||| READING scroll labelled MIRUYKIDUI.
  2962 | D:5      | Entered Level 5 of the Dungeon
  2962 | D:5      | Noticed Dowan
  2963 | D:5      | 2963 ||| Stepping ~*~*~tactically~*~*~ (hiding).
  2963 | D:5      | Noticed Duvessa
  2964 | D:5      | 2964 ||| Stepping ~*~*~tactically~*~*~ (hiding).
  2973 | D:5      | Killed Dowan
  2980 | D:5      | Reached skill level 7 in Axes
  2980 | D:5      | HP: 3/43 [Duvessa/+0 rapier (10)]
  2981 | D:5      | Mangled by Duvessa

Levels and vault maps discovered:
D:1:      scummos_arrival_simple_crosswalls, layout_rooms, serial_shops, shop
D:2:      layout_basic, grunt_ministairs_1, uniq_crazy_yiuf_cottage
D:3:      layout_loops_ring, uniq_natasha, uniq_robin, uniq_jessica
D:4:      layout_basic, chequers_temple_overflow_statue_of_worship,
          ebering_ghost_disaster_area, nrook_campfire, uniq_edmund
D:5:      layout_basic, nicolae_figureground_pulse, uniq_pikel, uniq_duvessa,
          uniq_blork_the_orc, uniq_eustachio

Skill      XL: |  1  2  3  4  5  6  7 |
---------------+----------------------+-----
Axes           | 2 3 4 5 6 7 |  7.1
Dodging        | 1 |  1.3
Fighting       | 4 |  4.0
Armour         | |  3.2
Shields        | |  3.2

Action                     |  1- 3 |  4- 6 |  7- 9 || total
---------------------------+-------+-------+-------++-------
  Melee: War axe           |    86 |    39 |       ||   125
         Hand axe          |       |    78 |    48 ||   126
    Use: Scroll            |     2 |     1 |     3 ||     6
         Potion            |       |     1 |       ||     1
   Stab: Distracted        |       |     1 |       ||     1
 Armour: Scale mail        |    55 |    40 |    14 ||   109
  Dodge: Dodged            |    49 |    32 |    13 ||    94
  Block: Buckler           |    14 |    26 |    10 ||    50

Table legend:
 A = Non-vault XP
 B = Vault XP
 C = Vault XP percentage of total XP
 D = Non-vault monster count
 E = Vault monster count
 F = Vault count percentage of total count
                 A         B        C        D         E       F
            +---------+---------+-------+---------+---------+-------
      Total |     641 |     327 |  33.8 |      75 |      14 |  15.7
            +---------+---------+-------+---------+---------+-------
        D:1 |      38 |       0 |   0.0 |      23 |       0 |   0.0
        D:2 |      18 |       3 |  14.3 |       4 |       2 |  33.3
        D:3 |     177 |     102 |  36.6 |      21 |      10 |  32.3
        D:4 |     275 |     149 |  35.1 |      24 |       1 |   4.0
        D:5 |     133 |      73 |  35.4 |       3 |       1 |  25.0
            +---------+---------+-------+---------+---------+-------
